 Dungeon Crawl Stone Soup version 0.23-a0-494-g91793a9 (console) character file.

47 slphil the Firebug (level 3, -5/19 HPs)
             Began as a Deep Elf Fire Elementalist on Dec 3, 2018.
             Slain by a worker ant (7 damage)
             ... on level 2 of the Dungeon.
             The game lasted 00:04:39 (1682 turns).

slphil the Firebug (Deep Elf Fire Elementalist)     Turns: 1682, Time: 00:04:40

Health: -5/19      AC:  2    Str:  5    XL:     3   Next: 48%
Magic:  5/10       EV: 13    Int: 20    God:
Gold:   76         SH:  0    Dex: 15    Spells: 3/9 levels left

rFire    . . .     SeeInvis .   f - +0 short sword
rCold    . . .     Gourm    .   (no shield)
rNeg     . . .     Faith    .   a - +0 robe
rPois    .         Spirit   .   (no helmet)
rElec    .         Reflect  .   (no cloak)
rCorr    .         Harm     .   (no gloves)
MR       .....                  (no boots)
Stlth    ++........             h - amulet of inaccuracy (curse)
HPRegen  0.06/turn              (no ring)
MPRegen  0.12/turn              (no ring)

@: no status effects
A: no striking features
a: no special abilities


You were on level 2 of the Dungeon.
You were not hungry.

You visited 1 branch of the dungeon, and saw 3 of its levels.

You collected 76 gold pieces.

Inventory:

Hand Weapons
 f - a +0 short sword (weapon)
Armour
 a - a +0 robe (worn)
Jewellery
 h - a cursed amulet of inaccuracy (around neck)
Scrolls
 b - 2 scrolls of identify {unknown}
 d - 2 scrolls of teleportation {unknown}
 g - a scroll of remove curse {unknown}
 k - a scroll of random uselessness {unknown}
Potions
 e - 3 potions of haste {unknown}
 j - 2 potions of curing {unknown}
Comestibles
 c - 4 rations


   Skills:
 - Level 2.4 Dodging
 - Level 2.4 Stealth
 + Level 3.7 Spellcasting
 * Level 2.8 Conjurations
 + Level 3.8 Fire Magic


You had 3 spell levels left.
You knew the following spells:

 Your Spells              Type           Power        Failure   Level  Hunger
a - Flame Tongue          Conj/Fire      ###..        3%          1    None
b - Throw Flame           Conj/Fire      ###...       5%          2    ##.....
c - Conjure Flame         Conj/Fire      ###.....     11%         3    ###....

Your spell library contained the following spells:

 Spells                   Type           Power        Failure   Level  Hunger
 Inner Flame              Hex/Fire       ##......     19%         3    ###....
 Sticky Flame             Conj/Fire      ###.....     34%         4    ####...
 Fireball                 Conj/Fire      ###.......   67%         5    ######.


Dungeon Overview and Level Annotations

Branches:
Dungeon (3/15)

Altars:


Message History

The worker ant is moderately wounded.
The worker ant barely misses you.
Casting: Flame Tongue (safe; 3% risk of failure)
Confirm with . or Enter, or press ? or * to list all spells.
Aiming: Flame Tongue (safe; 3% risk of failure)
Press: ? - help, Shift-Dir - straight line, f/p - worker ant
Aim: a worker ant (moderately wounded)
The flame tongue hits the worker ant.
The worker ant is moderately wounded.
The worker ant closely misses you. The worker ant bites you!
* * * LOW HITPOINT WARNING * * *
Casting: Flame Tongue (safe; 3% risk of failure)
Confirm with . or Enter, or press ? or * to list all spells.
Aiming: Flame Tongue (safe; 3% risk of failure)
Press: ? - help, Shift-Dir - straight line, f/p - worker ant
Aim: a worker ant (moderately wounded)
The flame tongue hits the worker ant.
The worker ant is moderately wounded.
The worker ant bites you!
You die...

...# #.....##..#..########
...###.....##..#.........#
.........#.##..#.#.#####.#
.#.......#.##......# #.#
##.).....#.##....#### #.#
##.......#.##.......# #.#
.'.......#.#...#..#.# #.#
##.......#.#.###..#.####.#
#####.....#.#....#......#
###########..#.##....######
................@.........#
#.#########..#.a#..#.####.#
#.####....#.....#..#...##.#
.......#.##.##..#.<..#.##.#
#.######.##.##..#...##.##.#
.........##.##)...........##
#.#########.##.###...#.....#
#.# #.#........#####.# #.#
#.#######..# #.# #.# #####.#
#..#####.#
#'#####...#.#######......#.#


You could see a worker ant.

Vanquished Creatures
  An adder (D:2)
  3 worms (D:2)
  2 dart slugs
  A bat (D:1)
  A giant cockroach (D:2)
  4 goblins
  2 hobgoblins (D:2)
  A quokka (D:2)
  2 frilled lizards
  6 kobolds
  4 rats
27 creatures vanquished.

Notes
Turn   | Place    | Note
-------+----------+-------------------------------------------
     0 | D:1      | slphil the Deep Elf Fire Elementalist began the quest for
                  | the Orb.
     0 | D:1      | Reached XP level 1. HP: 10/10 MP: 6/6
   376 | D:1      | Reached XP level 2. HP: 15/15 MP: 5/8
   802 | D:2      | Reached XP level 3. HP: 19/19 MP: 5/10
   865 | D:2      | Learned a level 2 spell: Throw Flame
   869 | D:2      | Learned a level 3 spell: Conjure Flame
  1682 | D:2      | Slain by a worker ant

Vault maps used:
D:1:      saegor_arrival_miasma
D:3:      uniq_terence

Skill      XL: |  1  2 |
---------------+-------+-----
Conjurations   | 2 |  2.8
Dodging        | |  2.4
Stealth        | |  2.4
Spellcasting   | |  3.7
Fire Magic     | |  3.8

Action                   || total
-------------------------++-------
Melee: Short sword       ||    14
 Cast: Flame Tongue      ||    61
 Stab: Sleeping          ||     1
  Eat: Chunk             ||     2
Armor: Robe              ||     2
Dodge: Dodged            ||    21

Table legend:
 A = Non-vault XP
 B = Vault XP
 C = Vault XP percentage of total XP
 D = Non-vault monster count
 E = Vault monster count
 F = Vault count percentage of total count
                 A         B        C        D         E       F
            +---------+---------+-------+---------+---------+-------
      Total |      68 |       0 |   0.0 |      27 |       0 |   0.0
            +---------+---------+-------+---------+---------+-------
        D:1 |      20 |       0 |   0.0 |      11 |       0 |   0.0
        D:2 |      48 |       0 |   0.0 |      16 |       0 |   0.0
            +---------+---------+-------+---------+---------+-------
